AoeStats
← Kez

Black Forest

508908928Analyzed
3v3 RM · 7d ago on Sep 24, 2026· 40m 59s· 6 players
Game mode
Random Map
Map size
Normal (6 player)
Population
200
Speed
Normal
Resources
Standard
Victory
Conquest
Starting age
Dark Age
Ending age
Imperial Age
RankedLock teamsTeams togetherTeam positionsShared explorationLock speedFull tech treeHidden civsTurbo modeCheats
Victory
Defeat
🇫🇷 Khmer · France
1304
+15
🇫🇷 Bengalis · France
1268
+17
🇫🇷 Gurjaras · France
1248
+18
🇪🇸 Byzantines · Spain
1342
-19
🇳🇱 Mapuche · Netherlands
1289
-17
🇹🇼 Berbers · Taiwan
1231
-14
archimonde
12:10 Feudal Age
14:52 Castle Age
12:39 Double-Bit Axe
12:59 Horse Collar
15:52 Bow Saw
16:03 Heavy Plow
15:54 Gold Mining
15:58 Stone Mining
22:38 Wheelbarrow
21:49 Loom
23:59 Hand Cart
23:38 Town Watch
27:06 Fortified Wall
30:42 Imperial Age
28:53 Gold Shaft Mining
29:04 Masonry
29:11 Husbandry
29:27 Light Cavalry
30:18 Bloodlines
31:11 Scale Barding Armor
31:17 Forging
30:46 Hussar
32:03 Conscription
32:47 Chemistry
32:14 Siege Engineers
34:22 Chain Barding Armor
34:37 Iron Casting
33:37 Heavy Scorpion
35:16 Double Crossbow
36:48 Ballistics
36:00 Hussar
38:33 Plate Barding Armor
38:59 Blast Furnace
37:46 Elite Ballista Elephant
39:04 Crop Rotation
38:26 Fletching
39:42 Bodkin Arrow
39:50 Padded Archer Armor
40:21 Architecture
39:47 Murder Holes
41:21 Bracer
40:43 Elite Skirmisher
Sodythaek
1:14 Loom
11:32 Feudal Age
13:13 Double-Bit Axe
15:37 Castle Age
15:31 Horse Collar
19:29 Bow Saw
19:41 Gold Mining
20:15 Heavy Plow
20:58 Wheelbarrow
25:01 Hand Cart
24:34 Town Watch
28:34 Imperial Age
26:13 Fletching
26:23 Padded Archer Armor
27:20 Bodkin Arrow
28:37 Ballistics
28:49 Bloodlines
28:40 Husbandry
30:19 Bracer
30:58 Crop Rotation
33:27 Elite Elephant Archer
34:56 Leather Archer Armor
36:13 Conscription
36:06 Paiks
36:03 Siege Elephant
41:50 Two-Man Saw
Guizz
0:55 Loom
13:05 Feudal Age
16:36 Castle Age
14:37 Horse Collar
14:44 Double-Bit Axe
15:14 Gold Mining
21:13 Bow Saw
Kez
1:15 Loom
11:46 Feudal Age
12:37 Double-Bit Axe
17:04 Fletching
21:31 Castle Age
20:48 Horse Collar
21:36 Crossbowman
24:39 Bodkin Arrow
25:51 Padded Archer Armor
29:58 Wheelbarrow
35:12 Hand Cart
35:56 Bow Saw
39:11 Gold Mining
43:14 Imperial Age
Cassalleta
10:15 Feudal Age
14:19 Castle Age
12:53 Horse Collar
13:06 Double-Bit Axe
13:09 Horse Collar
17:41 Bow Saw
19:50 Scale Barding Armor
19:55 Forging
20:41 Heavy Plow
23:03 Forging
23:16 Gold Mining
24:46 Iron Casting
24:00 Loom
25:32 Wheelbarrow
26:06 Husbandry
27:17 Hand Cart
27:56 Chain Barding Armor
33:14 Imperial Age
33:24 Elite Cataphract
34:40 Plate Barding Armor
36:20 Two-Man Saw
35:52 Crop Rotation
36:13 Logistica
40:15 Conscription
洗勒烤喔
0:26 Loom
11:44 Feudal Age
16:46 Castle Age
15:36 Double-Bit Axe
15:45 Gold Mining
15:44 Horse Collar
23:54 Town Watch
25:31 Heavy Plow
27:20 Wheelbarrow
27:02 Fletching
28:36 Hand Cart
28:49 Bow Saw
31:44 Imperial Age
29:59 Devotion
31:30 Forging
31:20 Scale Mail Armor
33:51 Pikeman
35:18 Crop Rotation
35:34 Siege Engineers
35:36 Murder Holes
35:21 Elite Skirmisher
36:08 Thumb Ring
35:27 Elite Genitour
36:19 Padded Archer Armor
37:09 Conscription
37:11 Ballistics
37:52 Chemistry
38:03 Treadmill Crane
39:37 Squires
Connection lost

Rejoining the realm…

Still unreachable

The connection could not be restored.

Session expired

The server has moved on; the page needs a fresh start.